| TOP OF THE 1ST |
|
Medicine Hat Blue Jays batting - Pitching for Great Falls Voyagers : LHP Manny Huerta
|
|
Pitching: LHP Manny Huerta
|
|
|
Batting: LHB Jeffrey Wilson
|
0-0: Called Strike 0-1: Swinging Strike 0-2: Ball 1-2: Foul Ball, location: 2F 1-2: Ground out 6-3 (Groundball, 6, EV 86.9 MPH)
|
|
Batting: RHB Burt Milley
|
0-0: Called Strike 0-1: Ground out 6-3 (Groundball, 6, EV 85.0 MPH)
|
|
Batting: RHB Greg Legg
|
0-0: Called Strike 0-1: Foul Ball, location: 2F 0-2: SINGLE (Groundball, 34D, EV 96.3 MPH)
|
|
Batting: LHB Jose Gomez
|
0-0: Ball Wild Pitch! Greg Legg to second 1-0: Fly out, F6 (Popup, 6, EV 57.5 MPH)
|
| Top of the 1st over - 0 runs, 1 hit, 0 errors, 1 left on base; Medicine Hat 0 - Great Falls 0 |
| BOTTOM OF THE 1ST |
|
Great Falls Voyagers batting - Pitching for Medicine Hat Blue Jays : RHP Bruce Williams
|
|
Pitching: RHP Bruce Williams
|
|
|
Batting: LHB Jose Fernandez
|
0-0: Called Strike 0-1: Ball 1-1: Ball 2-1: Swinging Strike 2-2: Fly out, F7 (Flyball, 78M, EV 82.5 MPH)
|
|
Batting: LHB Juan Villaescusa
|
0-0: Called Strike 0-1: Foul Ball, location: 2F 0-2: Ball 1-2: Ball 2-2: Fly out, F7 (Flyball, 7LD, EV 92.5 MPH)
|
|
Batting: RHB Johnny Paredes
|
0-0: Swinging Strike 0-1: Swinging Strike 0-2: Strikes out swinging
|
| Bottom of the 1st over - 0 runs, 0 hits, 0 errors, 0 left on base; Medicine Hat 0 - Great Falls 0 |
| TOP OF THE 2ND |
|
Medicine Hat Blue Jays batting - Pitching for Great Falls Voyagers : LHP Manny Huerta
|
|
Batting: RHB Elias Corona
|
0-0: Ball 1-0: Ball 2-0: Ball 3-0: Called Strike 3-1: SINGLE (Groundball, 56D, EV 100.6 MPH)
|
|
Batting: LHB Alberto Chino
|
0-0: Foul Ball, location: 2F 0-1: Fly out, F4 (Popup, 34D, EV 43.1 MPH)
|
|
Batting: RHB Terence Shoebridge
|
0-0: Ball 1-0: Foul Ball, location: 2F 1-1: Swinging Strike 1-2: Foul Ball, location: 2F 1-2: Ball 2-2: Ball 3-2: Fly out, F7 (Flyball, 7S, EV 72.5 MPH)
|
|
Batting: SHB Cordie Dillard
|
0-0: Fielders Choice at 2nd, 5-4 (Groundball, 56, EV 88.1 MPH)
|
| Top of the 2nd over - 0 runs, 1 hit, 0 errors, 1 left on base; Medicine Hat 0 - Great Falls 0 |
| BOTTOM OF THE 2ND |
|
Great Falls Voyagers batting - Pitching for Medicine Hat Blue Jays : RHP Bruce Williams
|
|
Batting: RHB Jose Gomez
|
0-0: Foul Ball, location: 2F 0-1: Ground out 6-3 (Groundball, 6, EV 82.5 MPH)
|
|
Batting: SHB John Kanter
|
0-0: SINGLE (Line Drive, 7S, EV 103.8 MPH)
|
|
Batting: SHB Gerald Young
|
0-0: Ball 1-0: Ball 2-0: Called Strike 2-1: Ball 3-1: Grounds out, U3 (Groundball, 3L, EV 85.6 MPH)
|
|
Batting: LHB John Yari
|
0-0: Ball 1-0: SINGLE (Popup, 23, EV 90.0 MPH) John Kanter to third Runner from 3rd tries for Home, SAFE, throw by 2B to home
|
|
Batting: RHB Anthony Notaroberto
|
0-0: Ball 1-0: Called Strike 1-1: Fly out, F9 (Flyball, 89S, EV 78.8 MPH)
|
| Bottom of the 2nd over - 1 run, 2 hits, 0 errors, 1 left on base; Medicine Hat 0 - Great Falls 1 |
| TOP OF THE 3RD |
|
Medicine Hat Blue Jays batting - Pitching for Great Falls Voyagers : LHP Manny Huerta
|
|
Batting: SHB Manuel DelRosario
|
0-0: Ground out 4-3 (Groundball, 4, EV 78.1 MPH)
|
|
Batting: LHB Jeffrey Wilson
|
0-0: Ball 1-0: Ball 2-0: Called Strike 2-1: Ball 3-1: Ground out 4-3 (Groundball, 4, EV 101.9 MPH)
|
|
Batting: RHB Burt Milley
|
0-0: DOUBLE (Line Drive, 89D, EV 102.5 MPH)
|
|
Batting: RHB Greg Legg
|
0-0: Called Strike 0-1: Called Strike 0-2: Ball 1-2: Ball 2-2: Ball 3-2: Ground out 5-3 (Groundball, 56S, EV 81.9 MPH)
|
| Top of the 3rd over - 0 runs, 1 hit, 0 errors, 1 left on base; Medicine Hat 0 - Great Falls 1 |
| BOTTOM OF THE 3RD |
|
Great Falls Voyagers batting - Pitching for Medicine Hat Blue Jays : RHP Bruce Williams
|
|
Batting: RHB Harvey Wilkerson
|
0-0: Called Strike 0-1: Ball 1-1: Ball 2-1: Ball 3-1: Foul Ball, location: 2F 3-2: Foul Ball, location: 2F 3-2: Strikes out swinging
|
|
Batting: LHB Jose Fernandez
|
0-0: Ball 1-0: Called Strike 1-1: Ball 2-1: Ball 3-1: Base on Balls
|
|
Batting: LHB Juan Villaescusa
|
0-0: Ball Jose Fernandez steals 2nd base 1-0: Swinging Strike 1-1: Ball 2-1: Ball 3-1: Base on Balls
|
|
Batting: RHB Johnny Paredes
|
0-0: Ball 1-0: Ball 2-0: Called Strike 2-1: SINGLE (Groundball, 4M, EV 102.5 MPH) (infield hit) Jose Fernandez to third Juan Villaescusa to second
|
|
Batting: RHB Jose Gomez
|
0-0: Foul Ball, location: 2F 0-1: Fly out, F7 (Flyball, 7S, EV 93.1 MPH)
|
|
Batting: SHB John Kanter
|
0-0: Swinging Strike 0-1: Ball 1-1: Foul Ball, location: 2F 1-2: SINGLE (Line Drive, 7S, EV 94.4 MPH) Jose Fernandez scores Juan Villaescusa to third Johnny Paredes to second Runner from 3rd tries for Home, SAFE, throw by LF to home
|
|
Batting: SHB Gerald Young
|
0-0: SINGLE (Line Drive, 3D, EV 96.9 MPH) Johnny Paredes to third John Kanter to second Runner from 3rd tries for Home, SAFE, throw by RF to home
|
|
Batting: LHB John Yari
|
0-0: Swinging Strike 0-1: Fly out, F9 (Line Drive, 9, EV 92.5 MPH)
|
| Bottom of the 3rd over - 3 runs, 3 hits, 0 errors, 2 left on base; Medicine Hat 0 - Great Falls 4 |
| TOP OF THE 4TH |
|
Medicine Hat Blue Jays batting - Pitching for Great Falls Voyagers : LHP Manny Huerta
|
|
Batting: LHB Jose Gomez
|
0-0: Fly out, F9 (Line Drive, 9, EV 86.9 MPH)
|
|
Batting: RHB Elias Corona
|
0-0: Called Strike 0-1: Ground out 5-3 (Groundball, 56S, EV 87.5 MPH)
|
|
Batting: LHB Alberto Chino
|
0-0: Fly out, F7 (Flyball, 7, EV 81.9 MPH)
|
| Top of the 4th over - 0 runs, 0 hits, 0 errors, 0 left on base; Medicine Hat 0 - Great Falls 4 |
| BOTTOM OF THE 4TH |
|
Great Falls Voyagers batting - Pitching for Medicine Hat Blue Jays : RHP Bruce Williams
|
|
Batting: RHB Anthony Notaroberto
|
0-0: Ground out 5-3 (Groundball, 56, EV 106.3 MPH)
|
|
Batting: RHB Harvey Wilkerson
|
0-0: Foul Ball, location: 2F 0-1: Ball 1-1: Ball 2-1: SINGLE (Groundball, 13, EV 83.8 MPH) (infield hit)
|
|
Batting: LHB Jose Fernandez
|
0-0: SINGLE (Groundball, 4MD, EV 104.4 MPH) Harvey Wilkerson to second Runner from 2nd tries for 3rd, SAFE, no throw by CF
|
|
Batting: LHB Juan Villaescusa
|
0-0: Foul Ball, location: 2F 0-1: Ball 1-1: Ball 2-1: Foul Ball, location: 2F 2-2: Foul Ball, location: 2F 2-2: Strikes out swinging
|
|
Batting: RHB Johnny Paredes
|
0-0: Ball 1-0: Called Strike 1-1: Swinging Strike 1-2: Ball 2-2: SINGLE (Flyball, 3D, EV 101.3 MPH) Harvey Wilkerson scores Jose Fernandez to second Runner from 2nd tries for 3rd, SAFE, no throw by RF
|
|
Batting: RHB Jose Gomez
|
0-0: Called Strike Johnny Paredes steals 2nd base (no throw) 0-1: Fly out, F8 (Flyball, 89S, EV 93.8 MPH)
|
| Bottom of the 4th over - 1 run, 3 hits, 0 errors, 2 left on base; Medicine Hat 0 - Great Falls 5 |
| TOP OF THE 5TH |
|
Medicine Hat Blue Jays batting - Pitching for Great Falls Voyagers : LHP Manny Huerta
|
|
Batting: RHB Terence Shoebridge
|
0-0: Foul Ball, location: 2F 0-1: Ball 1-1: Ball 2-1: Foul Ball, location: 2F 2-2: Ball 3-2: Ground out 3-1 (Groundball, 23, EV 81.9 MPH)
|
|
Batting: SHB Cordie Dillard
|
0-0: Foul Ball, location: 2F 0-1: Ball 1-1: Swinging Strike 1-2: Fly out, F1 (Line Drive, P, EV 69.4 MPH)
|
|
Batting: SHB Manuel DelRosario
|
0-0: Ball 1-0: Ground out 5-3 (Groundball, 56, EV 84.4 MPH)
|
| Top of the 5th over - 0 runs, 0 hits, 0 errors, 0 left on base; Medicine Hat 0 - Great Falls 5 |
| BOTTOM OF THE 5TH |
|
Great Falls Voyagers batting - Pitching for Medicine Hat Blue Jays : RHP Bruce Williams
|
|
Batting: SHB John Kanter
|
0-0: Ball 1-0: Ball 2-0: Reached on error, E4 (Groundball, 34, EV 81.3 MPH)
|
|
Batting: SHB Gerald Young
|
0-0: Ball 1-0: Ball 2-0: Ball 3-0: Called Strike 3-1: Base on Balls John Kanter to second
|
|
Batting: LHB John Yari
|
0-0: Called Strike 0-1: Fly out, F8 (Flyball, 78S, EV 94.4 MPH)
|
|
Batting: RHB Anthony Notaroberto
|
0-0: Foul Ball, location: 2F 0-1: Ball 1-1: Foul Ball, location: 2F 1-2: Fly out, F9 (Line Drive, 9, EV 105.0 MPH)
|
|
Batting: RHB Harvey Wilkerson
|
0-0: Called Strike 0-1: Fly out, F2 (Popup, 2L, EV 95.0 MPH)
|
| Bottom of the 5th over - 0 runs, 0 hits, 1 error, 2 left on base; Medicine Hat 0 - Great Falls 5 |
| TOP OF THE 6TH |
|
Medicine Hat Blue Jays batting - Pitching for Great Falls Voyagers : LHP Manny Huerta
|
|
Batting: LHB Jeffrey Wilson
|
0-0: Swinging Strike 0-1: Foul Ball, location: 2F 0-2: Ball 1-2: Ground out U3 (Groundball, 3L, EV 87.5 MPH)
|
|
Batting: RHB Burt Milley
|
0-0: Hit by Pitch
|
|
Batting: RHB Greg Legg
|
0-0: Fly out, F7 (Line Drive, 7, EV 96.3 MPH)
|
|
Batting: LHB Jose Gomez
|
0-0: Called Strike 0-1: SINGLE (Flyball, 89S, EV 85.6 MPH) Burt Milley to second Runner from 2nd tries for 3rd, SAFE, no throw by RF
|
|
Batting: RHB Elias Corona
|
0-0: Foul Ball, location: 2F 0-1: Ball 1-1: Called Strike 1-2: Fielders Choice at 2nd, 5-4 (Groundball, 5, EV 101.9 MPH)
|
| Top of the 6th over - 0 runs, 1 hit, 0 errors, 2 left on base; Medicine Hat 0 - Great Falls 5 |
| BOTTOM OF THE 6TH |
|
Great Falls Voyagers batting - Pitching for Medicine Hat Blue Jays : RHP Bruce Williams
|
|
Batting: LHB Jose Fernandez
|
0-0: Fly out, F8 (Line Drive, 8RD, EV 102.5 MPH)
|
|
Batting: LHB Juan Villaescusa
|
0-0: Foul Ball, location: 2F 0-1: Ball 1-1: DOUBLE (Line Drive, 78D, EV 103.1 MPH)
|
|
Pitching: RHP Juan Aponte
|
|
|
Batting: RHB Johnny Paredes
|
0-0: Called Strike Juan Villaescusa steals 3rd base 0-1: Foul Ball, location: 2F 0-2: Foul Ball, location: 2F 0-2: Foul Ball, location: 2F 0-2: 2-RUN HOME RUN (Flyball, 7D, EV 88.8 MPH), Distance : 366 ft
|
|
Batting: RHB Jose Gomez
|
0-0: Ball 1-0: Swinging Strike 1-1: Ball 2-1: Foul Ball, location: 2F 2-2: Ball 3-2: Ground out 6-3 (Groundball, 6, EV 85.0 MPH)
|
|
Batting: SHB John Kanter
|
0-0: Ball 1-0: Foul Ball, location: 2F 1-1: Called Strike 1-2: Foul Ball, location: 2F 1-2: Ball 2-2: Ball 3-2: Base on Balls
|
|
Batting: SHB Gerald Young
|
0-0: Ball John Kanter steals 2nd base 1-0: Called Strike 1-1: Swinging Strike 1-2: TRIPLE (Line Drive, 89XD, EV 109.4 MPH) John Kanter scores
|
|
Batting: LHB John Yari
|
0-0: Called Strike 0-1: Ground out 4-3 (Groundball, 4, EV 85.6 MPH)
|
| Bottom of the 6th over - 3 runs, 3 hits, 0 errors, 1 left on base; Medicine Hat 0 - Great Falls 8 |
| TOP OF THE 7TH |
|
Medicine Hat Blue Jays batting - Pitching for Great Falls Voyagers : LHP Manny Huerta
|
|
Pinch Hitting: LHB Roberto Pacheco
|
0-0: Foul Ball, location: 2F 0-1: Foul Ball, location: 2F 0-2: Ball 1-2: Foul Ball, location: 2F 1-2: Ball 2-2: Ball 3-2: Foul Ball, location: 2F 3-2: Foul Ball, location: 2F 3-2: Foul Ball, location: 2F 3-2: DOUBLE (Groundball, 3L, EV 98.1 MPH)
|
|
Batting: RHB Terence Shoebridge
|
0-0: Called Strike 0-1: Ball 1-1: Ball 2-1: Fly out, F8 (Line Drive, 8RD, EV 88.8 MPH)
|
|
Batting: SHB Cordie Dillard
|
0-0: Foul Ball, location: 2F 0-1: Foul Ball, location: 2F 0-2: Ball 1-2: SINGLE (Line Drive, 9S, EV 106.9 MPH) Roberto Pacheco to third
|
|
Batting: SHB Manuel DelRosario
|
0-0: Called Strike 0-1: Ball 1-1: Ball 2-1: Ball 3-1: Called Strike 3-2: Base on Balls Cordie Dillard to second
|
|
Batting: LHB Jeffrey Wilson
|
0-0: Foul Ball, location: 2F 0-1: Foul Ball, location: 2F 0-2: Ball 1-2: Grounds into fielders choice 1-2 (Groundball, 34S, EV 73.8 MPH) Cordie Dillard to third Manuel DelRosario to second
|
|
Batting: RHB Burt Milley
|
0-0: Ball 1-0: Swinging Strike 1-1: Ground out 5-3 (Groundball, 56S, EV 82.5 MPH)
|
| Top of the 7th over - 0 runs, 2 hits, 0 errors, 3 left on base; Medicine Hat 0 - Great Falls 8 |
| BOTTOM OF THE 7TH |
|
Great Falls Voyagers batting - Pitching for Medicine Hat Blue Jays : RHP Juan Aponte
|
|
Now in CF: Roberto Pacheco
|
|
|
Batting: RHB Anthony Notaroberto
|
0-0: Ball 1-0: Fly out, F9 (Line Drive, 9, EV 88.8 MPH)
|
|
Batting: RHB Harvey Wilkerson
|
0-0: Swinging Strike 0-1: Ball 1-1: SINGLE (Groundball, 4D, EV 100.6 MPH)
|
|
Pinch Hitting: RHB Efrain Rodriguez
|
0-0: Foul Ball, location: 2F 0-1: Foul Ball, location: 2F 0-2: Grounds into double play, 3-6-3 (Groundball, 34, EV 105.6 MPH)
|
| Bottom of the 7th over - 0 runs, 1 hit, 0 errors, 0 left on base; Medicine Hat 0 - Great Falls 8 |
| TOP OF THE 8TH |
|
Medicine Hat Blue Jays batting - Pitching for Great Falls Voyagers : LHP Manny Huerta
|
|
Now at 1B: Jim O'Dell
|
|
|
Batting: RHB Greg Legg
|
0-0: Swinging Strike 0-1: Ball 1-1: Swinging Strike 1-2: Fly out, F9 (Flyball, 9D, EV 96.9 MPH)
|
|
Pitching: RHP Donald Fenton
|
|
|
Batting: LHB Jose Gomez
|
0-0: Called Strike 0-1: Ground out 4-3 (Groundball, 4, EV 87.5 MPH)
|
|
Batting: RHB Elias Corona
|
0-0: Ball 1-0: Foul Ball, location: 2F 1-1: Ball 2-1: Ball 3-1: Base on Balls
|
|
Batting: LHB Roberto Pacheco
|
0-0: Foul Ball, location: 2F 0-1: Swinging Strike 0-2: Ball 1-2: Strikes out looking
|
| Top of the 8th over - 0 runs, 0 hits, 0 errors, 1 left on base; Medicine Hat 0 - Great Falls 8 |
| BOTTOM OF THE 8TH |
|
Great Falls Voyagers batting - Pitching for Medicine Hat Blue Jays : RHP Juan Aponte
|
|
Batting: LHB Juan Villaescusa
|
0-0: Called Strike 0-1: Swinging Strike 0-2: Ball 1-2: Ground out 1-3 (Groundball, 23, EV 65.0 MPH)
|
|
Batting: RHB Johnny Paredes
|
0-0: Ball 1-0: Ball 2-0: Swinging Strike 2-1: Foul Ball, location: 2F 2-2: Foul Ball, location: 2F 2-2: Ball 3-2: Strikes out looking
|
|
Batting: RHB Jose Gomez
|
0-0: Called Strike 0-1: Swinging Strike 0-2: Strikes out swinging
|
| Bottom of the 8th over - 0 runs, 0 hits, 0 errors, 0 left on base; Medicine Hat 0 - Great Falls 8 |
| TOP OF THE 9TH |
|
Medicine Hat Blue Jays batting - Pitching for Great Falls Voyagers : RHP Donald Fenton
|
|
Batting: RHB Terence Shoebridge
|
0-0: Ball 1-0: Ball 2-0: Ball 3-0: Called Strike 3-1: Base on Balls
|
|
Batting: SHB Cordie Dillard
|
0-0: Swinging Strike 0-1: Ball 1-1: Ball 2-1: Fly out, F8 (Flyball, 8LXD, EV 88.8 MPH)
|
|
Batting: SHB Manuel DelRosario
|
0-0: Ball 1-0: Foul Ball, location: 2F 1-1: Called Strike 1-2: Strikes out swinging
|
|
Batting: LHB Jeffrey Wilson
|
0-0: Fly out, F8 (Flyball, 8RM, EV 82.5 MPH)
|
| Top of the 9th over - 0 runs, 0 hits, 0 errors, 1 left on base; Medicine Hat 0 - Great Falls 8 |
|